 Dungeon Crawl Stone Soup version 0.27.0-1-g7a089689b8 (webtiles) character file.

Game seed: 3848608418602595087

39 oldmanjim the Vexing (level 3, -1/27 HPs)
             Began as a Human Arcane Marksman on July 31, 2021.
             Succumbed to an adder's poison
             ... on level 2 of the Dungeon.
             The game lasted 00:10:12 (1404 turns).

oldmanjim the Vexing (Human Arcane Marksman)        Turns: 1404, Time: 00:10:13

Health: -1/27      AC:  5    Str: 11    XL:     3   Next: 67%
Magic:  4/4        EV: 10    Int: 13    God:
Gold:   40         SH:  0    Dex: 13    Spells: 3/4 levels left

rFire    . . .     SeeInvis .   a - +0 hand crossbow
rCold    . . .     Faith    .   (no shield)
rNeg     . . .     Spirit   .   e - +0 ring mail
rPois    .         Reflect  .   (no helmet)
rElec    .         Harm     .   (no cloak)
rCorr    .         Rampage  .   (no gloves)
Will     .....                  (no boots)
Stlth    +.........             (no amulet)
HPRegen  0.09/turn              (no ring)
MPRegen  0.09/turn              (no ring)

@: lethally poisoned (-1 -> -6)
A: no striking features
a: no special abilities


You were on level 2 of the Dungeon.
You visited 1 branch of the dungeon, and saw 2 of its levels.

You collected 40 gold pieces.

Inventory:

Hand Weapons
 a - a +0 hand crossbow (weapon)
 b - a +0 dagger
Missiles
 c - 16 bolts (quivered ammo)
Armour
 d - a +0 robe
 e - a +0 ring mail (worn)
Scrolls
 f - a scroll of identify {unknown}
 h - a scroll of amnesia {unknown}
 i - a scroll of vulnerability {unknown}
 k - a scroll of teleportation {unknown}
Potions
 g - a potion of cancellation {unknown}
 j - a potion of flight {unknown}


   Skills:
 + Level 1.7 Fighting
 + Level 2.5 Crossbows
 + Level 2.5 Dodging
 + Level 1.3 Stealth
 - Level 1.0 Spellcasting
 - Level 3.0 Hexes


You had 3 spell levels left.
You knew the following spells:

 Your Spells              Type           Power      Damage    Failure   Level
a - Corona                Hex            8%         N/A       21%         1

Your spell library contained the following spells:

 Spells                   Type           Power      Damage    Failure   Level
 Slow                     Hex            8%         N/A       30%         2
 Inner Flame              Hex/Fire       4%         N/A       73%         3
 Portal Projectile        Hex/Tloc       8%         N/A       73%         3
 Cause Fear               Hex            4%         N/A       89%         4


Dungeon Overview and Level Annotations

Branches:
Dungeon (2/15)

Altars:


Message History

The adder closely misses you. The adder bites you.
You barely miss the adder.
The adder is heavily wounded.
The adder bites you.
You are poisoned.
The adder poisons you!
You miss the adder.
The adder is heavily wounded.
You feel sick. The adder closely misses you.
You hit the adder but do no damage.
The adder is heavily wounded.
You feel sick. The adder bites you but does no damage. The adder bites you.
* * * LOW HITPOINT WARNING * * *
You barely miss the adder.
The adder is moderately wounded.
You feel sick. The adder bites you but does no damage.
a - a +0 hand crossbow (weapon)
The adder bites you but does no damage.
You are too injured to fight recklessly!
Fire: 19 bolts
Press: ? - help, Q - select action, (/) - cycle Shift-Dir - straight line, f - adder
Aim: an adder (moderately wounded, 44% to hit)
You shoot a bolt. The bolt closely misses the adder.
You feel sick.
You are no longer poisoned.
The adder closely misses you.
Fire: 18 bolts
Press: ? - help, Q - select action, (/) - cycle Shift-Dir - straight line, f/p - adder
Aim: an adder (moderately wounded, 44% to hit)
You shoot a bolt. The bolt hits the adder.
The adder is severely wounded.
The adder bites you.
* * * LOW HITPOINT WARNING * * *
You are lethally poisoned!
The adder poisons you! The adder bites you but does no damage.
Fire: 17 bolts
Press: ? - help, Q - select action, (/) - cycle Shift-Dir - straight line, f/p - adder
Aim: an adder (severely wounded, 44% to hit)
You shoot a bolt. The bolt barely misses the adder.
You die...

#........#
#.###....#
#.......<#
#.....####.#
#.##........
##.#.##.######.
........>##
##.#......#
##.###@# ## #S#
... ##(## #+#


You could see an adder.

Vanquished Creatures
  A worm (D:2)
  A dart slug (D:1)
  A ball python (D:1)
  5 bats
  An endoplasm (D:1)
  3 goblins (D:1)
  10 jackals
  A kobold (D:1)
  2 quokkas (D:1)
  4 rats (D:1)
29 creatures vanquished.

Notes
Turn   | Place    | Note
-------+----------+-------------------------------------------
     0 | D:1      | oldmanjim the Human Arcane Marksman began the quest for the
                  | Orb.
     0 | D:1      | Reached XP level 1. HP: 15/15 MP: 2/2
    80 | D:1      | Reached XP level 2. HP: 18/21 MP: 3/3
   268 | D:1      | You fall into a shaft and drop 1 floor!
   274 | D:2      | Reached skill level 1 in Stealth
   279 | D:2      | Reached XP level 3. HP: 22/26 MP: 4/4
  1403 | D:2      | HP: 1/27 [adder (4)]
  1404 | D:2      | Succumbed to an adder's poison

Illustrated notes

Levels and vault maps discovered:
D:1:      saegor_arrival_simple_d, layout_basic, lemuel_old_faithful
D:2:      layout_basic, interstate_on_off

Skill      XL: |  1  2 |
---------------+-------+-----
Stealth        | 1 |  1.3
Fighting       | |  1.7
Crossbows      | |  2.5
Dodging        | |  2.5
Spellcasting   | |  1.0
Hexes          | |  3.0

Action                   || total
-------------------------++-------
Melee: Dagger            ||   137
 Fire: Hand crossbow     ||    20
Armor: Ring mail         ||    66
Dodge: Dodged            ||    88
